 Dungeon Crawl Stone Soup version 0.30-a0-986-g7f2e898f52 (webtiles) character file.

Game seed: 7435377904087706627

67 DeathPants the Shield-Bearer (level 4, -2/24 HPs)
             Began as a Vine Stalker Fighter on Apr 1, 2023.
             Slain by a gnoll
             ... wielding a +0 flail
              (5 damage)
             ... on level 2 of the Dungeon.
             The game lasted 00:03:28 (1278 turns).

DeathPants the Shield-Bearer (Vine Stalker Fighter) Turns: 1278, Time: 00:03:28

Health: -2/24      AC:  6    Str: 19    XL:     4   Next: 16%
Magic:  0/5        EV:  9    Int: 10    God:
Gold:   134        SH:  4    Dex: 13    Spells: 3/3 levels left

rFire   . . .      SeeInvis .    a - +0 war axe
rCold   . . .      Faith    .    c - +0 buckler
rNeg    . . .      Spirit   +    b - +0 scale mail
rPois   .          Reflect  .    (no helmet)
rElec   .          Rampage  .    (no cloak)
rCorr   .                        (no gloves)
Will    .....                    (no boots) Stlth
                                 (no amulet)
HPRegen 1.04/turn                (no ring)
MPRegen 0.09/turn                (no ring)

@: mighty
A: fangs 2, regeneration 1, magic shield, antimagic bite, no potion heal 2
a: no special abilities


You were on level 2 of the Dungeon.
You visited 1 branch of the dungeon, and saw 3 of its levels.

You collected 134 gold pieces.

Inventory:

Hand Weapons
 a - a +0 war axe (weapon)
Armour
 b - a +0 scale mail (worn)
 c - a +0 buckler (worn)
 e - a +0 chain mail
Scrolls
 g - 2 scrolls of teleportation {unknown}
 l - a scroll of enchant weapon {unknown}
 n - a scroll of enchant armour {unknown}
Potions
 f - 2 potions of degeneration {unknown}
 h - 2 potions of attraction {unknown}
 j - 3 potions of curing {unknown}
 k - a potion of haste {unknown}
 m - a potion of lignification {unknown}


   Skills:
 + Level 3.1 Fighting
 * Level 2.8 Axes
 + Level 2.8 Armour
 + Level 3.1 Shields


You had 3 spell levels left.
You didn't know any spells.
Your spell library was empty.

Dungeon Overview and Level Annotations

Branches:
Dungeon (3/15)

Altars:


Innate Abilities, Weirdness & Mutations

You have extremely sharp teeth.
Your natural rate of healing is unusually fast.
When hurt, damage is shared between your health and your magic reserves.
Your bite disrupts and absorbs the magic of your enemies.
Potions cannot restore your health.


Message History

The gnoll barely misses you.
You slash the gnoll! You bite the gnoll.
You kill the gnoll!
You completely miss the gnoll. You block the gnoll's attack.
A gnoll comes into view. It is wielding a +0 halberd.
You hit the gnoll.
The gnoll is heavily wounded.
You barely miss the gnoll. The gnoll hits you with a +0 flail.
The gnoll completely misses you. You block the gnoll's attack.
The gnoll hits you with a +0 club.
You barely miss the gnoll. Your bite misses the gnoll.
The gnoll is heavily wounded.
You hit the gnoll. The gnoll barely misses you.
The gnoll hits you with a +0 club.
You closely miss the gnoll. Your bite misses the gnoll.
The gnoll is heavily wounded.
You barely miss the gnoll. The gnoll barely misses you.
A rat comes into view.
The gnoll hits you with a +0 club.
The gnoll hits you from afar with a +0 halberd!
The gnoll barely misses you. You block the gnoll's attack.
The gnoll closely misses you.
The rat moves out of view.
You hit the gnoll.
The gnoll is heavily wounded.
You barely miss the gnoll. You block the gnoll's attack.
The gnoll barely misses you. The gnoll hits you but does no damage.
You barely miss the gnoll.
The gnoll is heavily wounded.
You slash the gnoll! The gnoll barely misses you.
The gnoll hits you with a +0 club.
* * * LOW HITPOINT WARNING * * *
The gnoll hits you from afar with a +0 halberd!
* * * LOW HITPOINT WARNING * * *
You closely miss the gnoll. You bite the gnoll! You drain its power.
You feel invigorated.
The gnoll is almost dead.
You slash the gnoll!
You kill the gnoll!
The gnoll hits you with a +0 flail!
You die...

.(.
.#..............
..#
.#.....#........
..#.......##....#..
..................
#.........#.......
#.........+.......
#wg.......#.......
#g).......####....
#@†.......##...~..
#.........+...~~..
#.................
#.................
####..............
#.......~......
#.......⌠~.....
#.......~......
#.######.......


You could see 2 gnolls and a dart slug.

Vanquished Creatures
  2 adders (D:2)
  2 gnolls (D:2)
  3 bats (D:1)
  6 endoplasms
  3 giant cockroaches (D:1)
  3 goblins (D:1)
  6 hobgoblins
  3 quokkas
  3 ball pythons
  A frilled lizard (D:3)
  2 kobolds (D:1)
34 creatures vanquished.

Notes
Turn   | Place    | Note
-------+----------+-------------------------------------------
     0 | D:1      | DeathPants the Vine Stalker Fighter began the quest for the
                  | Orb.
     0 | D:1      | Reached XP level 1. HP: 11/11 MP: 2/2
   145 | D:1      | Reached XP level 2. HP: 6/16 MP: 1/3
   531 | D:1      | Reached XP level 3. HP: 18/19 MP: 4/4
  1260 | D:2      | Gained mutation: Your natural rate of healing is unusually
                  | fast. [Vine Stalker growth]
  1260 | D:2      | Reached XP level 4. HP: 24/24 MP: 5/5
  1277 | D:2      | HP: 1/24 [gnoll/+0 halberd (6)]
  1278 | D:2      | Slain by a gnoll

Illustrated notes

Levels and vault maps discovered:
D:1:      dpeg_arrival_erosion, layout_loops_ring, minmay_distorted
D:2:      layout_basic, kennysheep_decorative_pillar
D:3:      minmay_evil_eye, layout_loops_ring, elyvilon_altar_4,
          nicolae_uskayaw_en_pointe, pdpol_wu_jian_five_deadly_venoms,
          serial_shops, shop, uniq_ijyb

Skill      XL: |  1  2  3 |
---------------+----------+-----
Axes           | 2 |  2.8
Shields        | 3 |  3.1
Fighting       | 3 |  3.1
Armour         | |  2.8

Action                     |  1- 3 |  4- 6 || total
---------------------------+-------+-------++-------
  Melee: War axe           |    62 |     7 ||    69
         Bite              |     9 |     2 ||    11
  Throw: Javelin           |       |     2 ||     2
    Use: Potion            |       |     1 ||     1
 Armour: Scale mail        |    23 |     1 ||    24
  Dodge: Dodged            |    22 |     8 ||    30
  Block: Buckler           |    14 |     4 ||    18

Table legend: (Time is in decaauts)
 A = Elapsed time spent in this place.
 B = Non-inter-level travel time spent in this place.
 C = Inter-level travel time spent in this place.
 D = Time resting spent in this place.
 E = Time spent auto-exploring this place.
 F = Levels seen in this place.
 G = Mean time per level.
                   A        B        C        D        E       F      G
               +--------+--------+--------+--------+--------+-----+--------+
         Total |   1310 |   1293 |     17 |    143 |    739 |   3 |  436.7 |
       Dungeon |   1310 |   1293 |     17 |    143 |    739 |   3 |  436.7 |
               +--------+--------+--------+--------+--------+-----+--------+

Top non-repeatable levels by time:
     D:1: 801 daAuts
     D:2: 469 daAuts
     D:3: 39 daAuts
